 Dungeon Crawl Stone Soup version 0.18-a0-1466-g2490093 (webtiles) character file.

15260 gorblad the Cleaver (level 12, 0/112 HPs)
             Began as a Hill Orc Fighter on Mar 1, 2016.
             Slain by a 15-headed hydra (9 damage)
             ... on level 3 of the Lair of Beasts.
             The game lasted 00:19:43 (11855 turns).

gorblad the Cleaver (Hill Orc Fighter)             Turns: 11855, Time: 00:19:43

Health: 0/112      AC: 22    Str: 24    XL:     12   Next: 25%
Magic:  12/12      EV: 11    Int:  8    God:
Gold:   717        SH: 17    Dex: 15    Spells: 0 memorised, 11 levels left

rFire  . . .     SeeInvis .     a - +1 war axe (venom)
rCold  . . .     Gourm    .     s - +2 plate armour
rNeg   + . .     Faith    .     c - +0 shield
rPois  .         Spirit   .     (helmet restricted)
rElec  .         Dismiss  .     q - +2 cloak
rCorr  .         Reflect  +     (no gloves)
SustAt .         Harm     .     r - +0 pair of boots
MR     .....                    d - +4 amulet of reflection
Stlth  ..........               O - ring of wizardry
                                h - ring of positive energy

@: agile, very slightly contaminated, invisible, not resistant to hostile
enchantments, extremely unstealthy
A: beak
a: no special abilities


You were on level 3 of the Lair of Beasts.
You were not hungry.

You visited 2 branches of the dungeon, and saw 12 of its levels.
You also visited: Sewer.

You collected 717 gold pieces.

Inventory:

Hand Weapons
 a - a +1 war axe of venom (weapon)
Armour
 c - a +0 shield (worn)
 l - a +0 helmet
 q - a +2 cloak (worn)
 r - a +0 pair of boots (worn)
 s - a +2 plate armour (worn)
Jewellery
 d - a +4 amulet of reflection (around neck)
 h - a ring of positive energy (left hand)
 j - an uncursed amulet of guardian spirit
 p - an uncursed amulet of harm
 A - an uncursed amulet of rage
 O - a ring of wizardry (right hand)
Wands
 e - a wand of iceblast (9/15)
 w - a wand of lightning (9/15)
 z - a wand of random effects (14/48)
 D - a wand of polymorph (16/24)
 G - a wand of iceblast (1/15)
 J - a wand of confusion (8/48)
 N - a wand of flame (40/48)
 T - a wand of slowing (29/48)
 W - a wand of iceblast (8/15)
Scrolls
 k - 2 scrolls of magic mapping
 x - 2 scrolls of remove curse
 M - a scroll of identify
 P - a scroll of brand weapon
 R - a scroll of fog
 U - a scroll of amnesia
Potions
 i - a potion of agility
 m - a potion of cancellation
 o - 2 potions of haste
 t - a potion of invisibility
 u - 5 potions of curing
 v - a potion of brilliance
 C - 4 potions of flight
 I - a potion of lignification
Books
 y - a book of Changes

   Spells                             Type                      Level
   a - Beastly Appendage              Transmutation                1
   b - Sticks to Snakes               Transmutation                2
   c - Spider Form                    Transmutation/Poison         3
   d - Ice Form                       Ice/Transmutation            4
   e - Blade Hands                    Transmutation                5
 B - a book of Envenomations

   Spells                             Type                      Level
   a - Spider Form                    Transmutation/Poison         3
   b - Olgreb's Toxic Radiance        Poison                       4
   c - Alistair's Intoxication        Transmutation/Poison         5
   d - Poisonous Cloud                Conjuration/Poison/Air       6
 F - a book of Ice

   Spells                             Type                      Level
   a - Ice Form                       Ice/Transmutation            4
   b - Metabolic Englaciation         Hexes/Ice                    5
   c - Ozocubu's Refrigeration        Ice                          6
   d - Bolt of Cold                   Conjuration/Ice              6
   e - Freezing Cloud                 Conjuration/Ice/Air          6
   f - Simulacrum                     Ice/Necromancy               6
 K - a book of Debilitation

   Spells                             Type                      Level
   a - Corona                         Hexes                        1
   b - Slow                           Hexes                        2
   c - Gell's Gravitas                Hexes/Translocation          3
   d - Inner Flame                    Hexes/Fire                   3
   e - Cause Fear                     Hexes                        4
   f - Leda's Liquefaction            Hexes/Earth                  4
Comestibles
 b - 3 meat rations
 f - 12 bread rations
 g - 10 royal jellies
 n - 4 beef jerkies
 H - 14 fruits
 L - a slice of pizza


   Skills:
 + Level 11.8 Fighting
 + Level 12.9 Axes
 + Level 11.1 Armour
 + Level 11.3 Shields


You had 11 spell levels left.
You didn't know any spells.

Dungeon Overview and Level Annotations

Branches:
Dungeon (9/15)             Temple (0/1) D:4            Lair (3/8) D:9
 Shoals (0/4) Lair:3
  Snake: Lair:3-6    Spider: Lair:3-6       Orc: D:9-12

Altars:
Fedhas
Gozag
Qazlal
Trog
Vehumet
The Shining One

Portals:
Labyrinth: Lair:3


Innate Abilities, Weirdness & Mutations

You have a beak for a mouth.


Message History

* * * LOW HITPOINT WARNING * * *
The 14-headed hydra misses you. The 14-headed hydra barely misses you.
The 14-headed hydra bites you but does no damage.
You block the 14-headed hydra's attack. x3; The 14-headed hydra bites you.
* * * LOW HITPOINT WARNING * * *
The 14-headed hydra closely misses you.
The 14-headed hydra completely misses you.
The 14-headed hydra bites you but does no damage.
The 14-headed hydra looks more healthy.
You lop one of the 14-headed hydra's heads off!
The 13-headed hydra grows two more!
You slash the 15-headed hydra!
The 15-headed hydra is moderately wounded.
The 15-headed hydra closely misses you. You block the 15-headed hydra's attack.
The 15-headed hydra bites you.
* * * LOW HITPOINT WARNING * * *
The 15-headed hydra bites you but does no damage.
The 15-headed hydra bites you.
* * * LOW HITPOINT WARNING * * *
The 15-headed hydra bites you!
You die...

...........#...
............#..#
................##
.......#.>....#...##
........P......#...P#
P.....$.....+#.##...#
...................#
...............D@..#
....................#
.............#..##.##
#.............### .#
.............## #
###..........#
................
..#....#.#...#...
.......#####.##..


You could see a 15-headed hydra.

Vanquished Creatures
  Pikel (D:5)
  A wizard (D:9)
  A griffon (Lair:3)
  A manticore (Lair:3)
  2 black mambas
  4 spiny frogs
  2 komodo dragons
  A queen bee (Lair:2)
  2 polar bears (D:8)
  4 blink frogs (Lair:2)
  Sigmund (D:3)
  A spriggan (D:7)
  7 yaks
  A wyvern (D:8)
  3 hippogriffs
  6 wolves (Lair:2)
  5 water moccasins
  7 porcupines
  3 ice beasts
  4 orc warriors
  A slave (D:5)
  A sky beast (D:7)
  A black bear (Lair:1)
  3 ogres
  3 centaurs
  2 big kobolds
  A crocodile (Lair:1)
  13 giant frogs
  A gnoll sergeant (D:9)
  A scorpion (D:5)
  30 killer bees
  An electric eel (D:8)
  7 howler monkeys
  3 crimson imps
  A centaur zombie (D:5)
  5 hounds
  2 jellies
  2 centaur skeletons
  An orc priest (D:8)
  Jessica (D:3)
  8 orc wizards
  Natasha (D:3)
  Terence (D:2)
  8 iguanas
  8 worker ants
  A killer bee zombie (D:9)
  A hound zombie (D:7)
  A hound skeleton (D:8)
  14 gnolls
  12 adders
  20 river rats
  3 shadow imps
  A white imp (D:8)
  2 ufetubi (D:8)
  An ooze (D:3)
  2 adder zombies (D:8)
  An adder skeleton (D:4)
  6 worms
  4 dart slugs
  7 giant geckos
  33 orcs
  11 bats
  7 giant cockroaches
  7 goblins
  5 hobgoblins
  16 jackals
  5 quokkas
  7 ball pythons
  A giant gecko simulacrum (D:8)
  A giant gecko zombie (D:5)
  4 giant newts
  2 jackal skeletons
  17 kobolds
  10 rats
  A bush (D:5)
  2 fungi (D:9)
  2 plants (Lair:3)
370 creatures vanquished.

Vanquished Creatures (others)
  2 centaurs (D:5)
  A jelly (D:5)
  An orc (D:7)
4 creatures vanquished.

Grand Total: 374 creatures vanquished

Notes
Turn   | Place    | Note
--------------------------------------------------------------
     0 | D:1      | gorblad the Hill Orc Fighter began the quest for the Orb.
     0 | D:1      | Reached XP level 1. HP: 19/19 MP: 1/1
    97 | D:1      | Reached skill level 3 in Axes
   137 | D:1      | Reached XP level 2. HP: 27/27 MP: 2/2
   348 | D:1      | Reached XP level 3. HP: 26/33 MP: 3/3
   925 | D:2      | Found a bloodstained altar of Trog.
  1106 | D:2      | Reached XP level 4. HP: 41/41 MP: 4/4
  1172 | D:2      | Noticed Terence
  1183 | D:2      | Killed Terence
  1183 | D:2      | Reached skill level 4 in Axes
  1205 | D:2      | Found a radiant altar of Vehumet.
  1626 | D:3      | Noticed Sigmund
  1641 | D:3      | Killed Sigmund
  1641 | D:3      | Reached skill level 5 in Fighting
  1641 | D:3      | Reached XP level 5. HP: 22/48 MP: 2/5
  1641 | D:3      | Reached XP level 6. HP: 25/56 MP: 2/6
  1895 | D:3      | Noticed Natasha
  1903 | D:3      | Killed Natasha
  1903 | D:3      | Reached skill level 5 in Axes
  1908 | D:3      | Reached skill level 5 in Shields
  2611 | D:3      | Noticed Jessica
  2613 | D:3      | Killed Jessica
  2832 | D:3      | Reached XP level 7. HP: 61/61 MP: 7/7
  3270 | D:3      | Reached skill level 5 in Armour
  3594 | D:4      | Reached skill level 6 in Axes
  3659 | D:4      | Found a staircase to the Ecumenical Temple.
  3989 | D:4      | You fall through a shaft for 2 floors!
  4387 | D:6      | Found a glowing golden altar of the Shining One.
  4417 | D:6      | Reached XP level 8. HP: 70/70 MP: 8/8
  4490 | D:6      | Found an opulent altar of Gozag.
  4650 | D:6      | Reached skill level 7 in Axes
  5071 | D:7      | Reached skill level 8 in Axes
  5071 | D:7      | Reached XP level 9. HP: 45/79 MP: 9/9
  5237 | D:7      | Found a bloodstained altar of Trog.
  5798 | D:5      | Entered Level 5 of the Dungeon
  5812 | D:5      | Found a stormy altar of Qazlal.
  6082 | D:5      | Noticed Pikel
  6128 | D:5      | Killed Pikel
  6128 | D:5      | Reached skill level 9 in Axes
  6168 | D:5      | Found a glowing drain.
  6172 | Sewer    | Entered a sewer
  6271 | Sewer    | Found a white marble altar of Elyvilon.
  6658 | D:5      | Reached XP level 10. HP: 76/90 MP: 10/10
  7478 | D:8      | Found a blossoming altar of Fedhas.
  7540 | D:8      | Reached skill level 10 in Axes
  8634 | D:9      | Found a blossoming altar of Fedhas.
  8945 | D:9      | Noticed a wizard
  8958 | D:9      | Killed a wizard
  8958 | D:9      | Reached skill level 10 in Fighting
  9113 | D:9      | Found a staircase to the Lair.
  9475 | Lair:1   | Entered Level 1 of the Lair of Beasts
  9539 | Lair:1   | Reached skill level 11 in Axes
  9543 | Lair:1   | Reached XP level 11. HP: 95/99 MP: 11/11
  9686 | Lair:1   | Reached skill level 10 in Shields
 10191 | Lair:1   | Reached skill level 10 in Armour
 10337 | Lair:1   | Identified a scroll of acquirement
 10645 | Lair:2   | Reached skill level 12 in Axes
 11193 | Lair:2   | Reached XP level 12. HP: 95/110 MP: 12/12
 11536 | Lair:2   | Gained mutation: You have a beak for a mouth. [potion of beneficial mutation]
 11542 | Lair:3   | Found a labyrinth entrance.
 11629 | Lair:3   | Found a staircase to the Shoals.
 11826 | Lair:3   | Noticed a seven-headed hydra
 11855 | Lair:3   | Slain by a 15-headed hydra

Vault maps used:
D:1:      scummos_arrival_hexagon
D:2:      nicolae_overflow_crystal_walls, first_bread,
          minmay_misc_feat_nine_boxes, trog_three_pillars_becter, uniq_terence
D:3:      uniq_jessica, uniq_sigmund, uniq_natasha
D:4:      temple_fountains
D:5:      gup_sewer_entry_spiral, kb_lookout_dungeons_type,
          nicolae_qazlal_style_of_elements, uniq_pikel
D:6:      basic_altar, nicolae_gozag_cash_rules_everything_around_me
D:7:      lemuel_round_altar, the_bakery
D:8:      serial_ice, serial_ice_d, serial_ice_i, serial_ice_c, serial_ice_a,
          fedhas_altar_4
D:9:      dpeg_oklobed_lair, basic_altar, lightli_wizard_tower
Lair:1:   grunt_megastairs_5, serial_bayou_shore_a, bh_autumn_forest_stairs
Lair:2:   special_room, lemuel_fruit_fields, grunt_megastairs_4,
          lemuel_fruit_tree
Lair:3:   minmay_shoals_entry_beasts, lab_entry_generic
Sewer:    sewer_kobolds

Skill      XL: |  1  2  3  4  5  6  7  8  9 10 11 12 |
---------------+-------------------------------------+-----
Axes           | 3 4 5 6 8 9 11 12 | 12.9
Fighting       | 4 5 6 7 8 10 11 | 11.8
Shields        | 4 5 6 7 8 9 10 11 | 11.3
Armour         | 4 5 6 8 9 10 11 | 11.1

Action                   |  1- 3 |  4- 6 |  7- 9 | 10-12 || total
-------------------------+-------+-------+-------+-------++-------
Melee: War axe           |   121 |   164 |   563 |   578 ||  1426
  Use: Scroll            |     5 |       |    15 |    15 ||    35
       Potion            |       |     1 |       |     6 ||     7
  Eat: Chunk             |     1 |     6 |    13 |    18 ||    38
